 Dungeon Crawl Stone Soup version 0.31-a0-277-g31ea1f65cc (webtiles) character file.

Game seed: 4179585668661988432

36 Zonian the Changeling (level 3, 0/16 HPs)
             Began as a Felid Shapeshifter on July 15, 2023.
             Succumbed to an adder's poison
             ... on level 1 of the Dungeon.
             The game lasted 00:01:09 (702 turns).

Zonian the Changeling (Felid Shapeshifter)           Turns: 702, Time: 00:01:10

Health: 0/16       AC:  1    Str: 13    XL:     3   Next: 19%
Magic:  4/4        EV: 18    Int:  9    God:
Gold:   91         SH:  0    Dex: 16    Spells: 2/2 levels left
                                        Lives:  0   Deaths: 0

rFire   . .          .
                       - Unarmed
rCold   . . .        (shield unavailable)
rNeg    . . .        (body armour unavailable)
rPois   .            (helmet unavailable)
rElec   .            (cloak unavailable)
rCorr   .            (gloves unavailable)
SInv    +            (boots unavailable)
Will    .....        (no amulet)
Stlth   +            (no ring)
HPRegen 0.22/turn    (no ring)
MPRegen 0.09/turn

%: no passive effects
@: lethally poisoned (0 -> -2), beast-form, hasted, very quick
A: beast (slay +2), very small, claws 1, fangs 3, see invisible, speed 1, shaggy
fur 1, stealthy paws, no weapons or thrown items, no armour, multi-lived
a: Begin Untransformation


You were on level 1 of the Dungeon.
You were a hulking beast.
You visited 1 branch of the dungeon, and saw 2 of its levels.

You collected 91 gold pieces.

Inventory:

Talismans
 b - a beast talisman
Scrolls
 c - 4 scrolls of identify {unknown}
 d - a scroll of teleportation {unknown}
Potions
 a - a potion of lignification


   Skills:
 + Level 2.4 Fighting
 + Level 3.3 Dodging
 + Level 2.5 Unarmed Combat
 + Level 3.6 Shapeshifting


You had 2 spell levels left.
You didn't know any spells.
Your spell library was empty.

Dungeon Overview and Level Annotations

Branches:
Dungeon (2/15)

Altars:


Innate Abilities, Weirdness & Mutations

You are a hulking beast.
Your limbs bulge with bestial killing power. (Slay +2)
You have sharp claws.
You have razor-sharp teeth.
You have supernaturally acute eyesight. (SInv)
You cover ground quickly. (Speed+)
You are covered in fur. (AC +1)
Your paws help you pounce on unaware monsters.
You are incapable of wielding weapons or throwing items.
You cannot wear armour.
You gain extra lives every three experience levels.


Message History

The adder attacks as you move away! The adder bites you.
You are poisoned.
The adder poisons you!
You feel sick.
You feel sick.
You feel sick.
There is a stone staircase leading up here.
Unknown command.
You barely miss the adder.
You feel sick. The adder misses you.
You scratch the adder.
The adder is moderately wounded.
You feel sick. The adder barely misses you.
You closely miss the adder.
The adder is moderately wounded.
You feel sick. The adder misses you. The adder bites you.
You are lethally poisoned!
The adder poisons you!
Unknown command.
You claw the adder!
You kill the adder!
You feel sick.
You have reached level 3!
Your experience leads to an increase in your attributes!
Increase (S)trength, (I)ntelligence, or (D)exterity?
You feel stronger. x2
Unknown command.
It was a potion of haste.
You feel yourself speed up.
* * * LOW HITPOINT WARNING * * *
You feel sick.
Unknown command.
* * * LOW HITPOINT WARNING * * *
You feel sick.
You climb upwards.
* * * LOW HITPOINT WARNING * * *
You feel sick.
There is a stone staircase leading down here.
Unknown command.
Okay, then.
* * * LOW HITPOINT WARNING * * *
You feel sick.
You die...

######......#........####......#.
.............................###.
..#....###################...#...
...#.### ♣♣♣♣♣♣♣♣♣♣♣ #.....#.
.#.#+### ♣>♣♣..♣.♣<♣ #.#.#...
.......#♣ ♣......♣..♣ #.#.....
.......#≈♣ ♣...♣.....♣ #.###...
##.....#≈≈♣♣.........♣ #.....##
##.....#≈≈≈♣....h....♣ #.##..##
########♣≈≈≈........♣♣ ####.... #
♣≈≈≈~.......♣♣ #.... #
♣♣≈≈~≈~~~~...♣ ####..## #
♣♣≈≈≈≈≈~~~~~♣♣♣ #....... #
♣♣≈~~~≈≈≈≈≈~≈♣♣#.##.... #
♣♣..~~~~≈≈≈≈≈♣#....... #######
♣........≈~≈≈♣#..####. ......#
♣...♣..♣..♣≈≈≈#.......


There were no monsters in sight!

Vanquished Creatures
  An adder (D:2)
  A dart slug (D:1)
  A ball python (D:1)
  3 bats (D:1)
  4 endoplasms (D:1)
  2 giant cockroaches (D:1)
  3 hobgoblins (D:1)
  3 jackals (D:1)
  A frilled lizard (D:1)
  2 rats (D:1)
21 creatures vanquished.

Notes
Turn   | Place    | Note
-------+----------+-------------------------------------------
     0 | D:1      | Zonian the Felid Shapeshifter began the quest for the Orb.
     0 | D:1      | Reached XP level 1. HP: 9/9 MP: 2/2
   138 | D:1      | Reached XP level 2. HP: 11/13 MP: 3/3
   696 | D:2      | Reached XP level 3. HP: 5/16 MP: 4/4
   702 | D:1      | Succumbed to an adder's poison

Illustrated notes

Levels and vault maps discovered:
D:1:      lemuel_arrival_river_ford, layout_basic
D:2:      minmay_skewed_foursquare, layout_rooms, columned_hall_lemuel,
          nicolae_elevator_lobby_asterisk

Skill      XL: |  1 |
---------------+----+-----
Dodging        | 3 |  3.3
Fighting       | |  2.4
Unarmed Combat | |  2.5
Shapeshifting  | |  3.6

Action                     || total
---------------------------++-------
  Melee: Unarmed           ||    43
         Bite              ||     3
         Punch             ||     1
    Use: Potion            ||     1
   Stab: Sleeping          ||     2
  Dodge: Dodged            ||    25

Table legend: (Time is in decaauts)
 A = Elapsed time spent in this place.
 B = Non-inter-level travel time spent in this place.
 C = Inter-level travel time spent in this place.
 D = Time resting spent in this place.
 E = Time spent auto-exploring this place.
 F = Levels seen in this place.
 G = Mean time per level.
                   A        B        C        D        E       F      G
               +--------+--------+--------+--------+--------+-----+--------+
         Total |    587 |    580 |      7 |      0 |    449 |   2 |  293.5 |
       Dungeon |    587 |    580 |      7 |      0 |    449 |   2 |  293.5 |
               +--------+--------+--------+--------+--------+-----+--------+

Top non-repeatable levels by time:
     D:1: 576 daAuts
     D:2: 11 daAuts
